Map: Terreurs nocturnes

Players

Kawazka

  • Race: Zerg Zerg

BalB

  • Race: Zerg Zerg

VOD

Have the link to the VOD?

Description

Time

  • Played on: June 9, 2019, 1:54 p.m.
  • Length: 25:25
Show
View Real Time Build Order
Export as new Build Order

Kawazka Zerg 

Build Orders:  

Get SALT Encoding   

  12  0:14  Overlord  
  12  0:20  Drone  
  12  0:23  Drone  
  14  0:41  Drone x3  
  14  0:43  Drone  
  18  0:54  Drone x2  
  18  0:57  Drone  
  21  1:06  Overlord  
  21  1:15  Drone  
  21  1:18  Extractor  
  21  1:21  Extractor x2  
  21  1:22  Drone  
  21  1:27  Drone  
  21  1:37  Drone  
  22  1:54  Hatchery  
  21  2:00  Drone x2  
  23  2:19  Drone  
  24  2:20  Drone  
  25  2:33  Drone  
  25  2:34  Spawning Tool  
  25  2:36  Drone  
  26  2:43  Drone  
  26  2:47  Drone  
  28  3:07  Drone x2  
  30  3:10  Drone  
  30  3:18  Overlord  
  31  3:26  Drone x2  
  31  3:28  Drone  
  34  3:31  Drone  
  35  3:42  Drone  
  35  3:43  Drone x2  
  35  3:44  Drone  
  39  3:53  Spine Crawler  
  39  3:59  Spine Crawler  
  37  4:03  Drone x2  
  37  4:31  Spine Crawler, Drone x3  
  37  4:33  Infestation Pit  
  39  4:42  Evolution Chamber x2  
  37  4:59  Drone x2  
  39  5:14  Overlord x2  
  39  5:25  Zerg Ground Armor Level 1, Zerg Missile Weapons Level 1  
  39  5:26  Zerg Melee Weapons Level 1  
  39  5:58  Super Gary  
  39  6:01  BONUS Ravager  
  39  6:49  Metabolic Boost  
  42  6:50  Adrenal Glands  
  39  7:01  Drone  
  39  7:02  Drone  
  39  7:07  Hatchery  
  40  7:15  Hatchery  
  39  7:49  Hardened Ergonergy Shield  
  39  7:53  Overlord x3  
  39  7:54  Overlord x6  
  39  7:55  Overlord x2  
  39  8:22  Zerg Melee Weapons Level 2, Zerg Missile Weapons Level 2  
  39  8:24  Zerg Ground Armor Level 2  
  39  9:06  Drone x3  
  39  9:07  Drone x2  
  39  9:08  Drone  
  45  9:13  Overlord x4  
  45  9:33  Spore Crawler  
  45  9:34  Spore Crawler  
  45  9:35  Spore Crawler  
  45  9:36  Spore Crawler  
  45  9:37  Spore Crawler  
  40  9:40  Spore Crawler  
  39  10:40  Overlord  
  39  10:41  Overlord x3  
  39  10:48  Infestor x4  
  39  10:49  Infestor x3  
  53  10:50  Infestor  
  53  10:59  Drone x5  
  60  11:01  Drone  
  61  11:34  Spore Crawler x2  
  61  11:36  Spore Crawler  
  61  11:38  Spore Crawler  
  61  11:39  Spore Crawler  
  56  11:40  Spore Crawler  
  55  12:02  Zerg Melee Weapons Level 3, Zerg Missile Weapons Level 3  
  55  12:22  Zerg Ground Armor Level 3  
  55  13:56  Infestor x2  
  59  14:00  Infestor  
  59  14:06  Infestor  
  63  15:33  Zergling x2  
  63  15:34  Zergling x20  
  63  15:35  Zergling x26  
  87  15:54  Drone x2, Hatchery  
  87  15:56  Drone  
  89  16:00  Hatchery  
  89  16:03  Hatchery  
  87  17:10  Zergling x2  
  87  17:11  Zergling x26  
  87  17:12  Zergling x20  
  110  17:25  Drone  
  110  17:26  Drone x11  
  110  17:27  Drone x4  
  108  18:22  Infestor x3  
  108  18:23  Infestor  
  108  18:28  Infestor x4  
  123  18:33  Drone x5  
  123  18:34  Drone x3  
  123  18:37  Drone x4  
  123  18:38  Drone x3  
  120  19:13  Spore Crawler  
  120  19:14  Spore Crawler x2  
  120  19:15  Spore Crawler x2  
  120  19:17  Spore Crawler x2  
  120  19:19  Spore Crawler x2  
  108  19:30  Spore Crawler x2  
  103  19:46  Spore Crawler x2  
  103  19:48  Spore Crawler  
  103  19:49  Spore Crawler  
  96  19:55  Spore Crawler  
  94  21:09  Spore Crawler  
  92  21:11  Spore Crawler  
  92  21:15  Spore Crawler  
  92  21:16  Spore Crawler  
  87  21:27  Spine Crawler  
  81  22:30  Zergling x2  
  81  22:31  Zergling x4  
  81  22:32  Zergling x36  
  81  22:33  Zergling x36  
  81  22:34  Zergling x6  
  123  23:14  Infestor x2  
  123  23:15  Infestor x5  
  123  23:16  Infestor x5  
  146  23:34  Zergling  
  146  23:37  Zergling  
  146  23:50  Zergling x2  
  146  23:51  Zergling  
  146  23:52  Zergling  
  146  23:53  Zergling  
  146  23:55  Zergling  
  146  23:59  Zergling  
  144  24:02  Zergling  
  144  24:04  Zergling  
  144  24:08  Zergling  
  132  24:19  Zergling  
  113  24:21  Zergling  
Show
View Real Time Build Order
Export as new Build Order

BalB Zerg 

Build Orders:  

Get SALT Encoding   

  12  0:11  Infested SCV x2  
  14  0:26  Overlord  
  14  0:38  Infested SCV  
  15  0:51  Infested SCV x2  
  15  0:52  Infested Colonist Compound  
  17  1:07  Infested SCV  
  17  1:09  Infested Refinery  
  18  1:10  Infested Refinery  
  18  1:22  Infested SCV  
  19  1:41  Infested Barracks  
  19  1:46  Infested Barracks, Infested SCV  
  20  1:55  Infested SCV  
  21  2:11  Infested SCV  
  22  2:25  Infested SCV  
  23  2:42  Infested Barracks  
  23  2:49  Infested Refinery  
  23  2:53  Overlord  
  23  3:00  Infested Barracks Tech Lab  
  23  3:08  Infested Barracks  
  23  3:23  Infested SCV x2  
  25  3:34  Infested Barracks Tech Lab  
  25  3:44  Infested SCV  
  25  3:45  Infested SCV  
  27  4:09  Infested SCV  
  24  4:31  Infested Marine x2  
  24  4:32  Infested Marine x3  
  24  4:39  Infested Barracks Tech Lab  
  29  4:41  Retinal Augmentation  
  29  4:47  Infested SCV  
  29  4:48  Infested SCV  
  30  5:06  Infested Engineering Bay  
  30  5:08  Infested Marine  
  30  5:09  Infested Engineering Bay  
  31  5:13  Overlord x2  
  31  5:29  Infestation Level 1  
  30  5:38  Infested SCV  
  30  5:39  Infested SCV  
  31  5:45  Plagued Munitions  
  31  5:53  Infested SCV  
  31  6:07  Stukov Infantry Weapons Level 1  
  31  6:08  Stukov Infantry Armor Level 1  
  28  6:19  Unknown  
  28  6:24  Infested SCV  
  28  6:25  Infested SCV, Infested Barracks  
  30  6:41  Overlord  
  30  6:57  Infested SCV  
  30  7:26  Infested SCV  
  30  7:29  Infested Bunker, Anaerobic Enhancement  
  37  7:41  Infested SCV  
  37  7:49  Infested Bunker  
  44  7:59  Infested Marine x3  
  47  8:00  Infested Marine x5  
  52  8:11  Infested SCV x2  
  54  8:28  Infested Marine  
  54  8:29  Broodling Gestation  
  55  8:32  Overlord  
  55  9:09  Infested SCV x3  
  58  9:10  Infested Factory  
  58  9:15  Infested Barracks Tech Lab  
  58  9:20  Infested Marine  
  58  9:21  Infested Marine x4  
  58  9:25  Overlord  
  63  9:59  Infestation Level 2  
  55  10:17  Stukov Infantry Weapons Level 2, Stukov Infantry Armor Level 2  
  55  10:27  Infested Marine x4  
  55  10:28  Infested Marine x5  
  63  10:31  Overlord x4  
  63  10:59  Infested Barracks  
  63  11:03  Infested Barracks  
  63  11:15  Infested Starport  
  55  11:51  Infested Bunker  
  55  11:57  Infested SCV x3  
  64  12:00  Overlord x2  
  64  12:08  Infested Bunker  
  64  12:19  Infested Armory  
  64  12:28  Infested Barracks Tech Lab x2  
  64  12:51  Overlord x3  
  64  13:16  Infested SCV  
  65  13:29  Stukov Infantry Weapons Level 3, Stukov Infantry Armor Level 3  
  65  13:33  Infestation Level 3  
  65  13:55  Overseer x2  
  65  15:05  Infested Marine x2  
  65  15:06  Infested Marine x6  
  65  15:07  Infested Marine x14  
  65  15:08  Infested Marine x18  
  65  15:09  Infested Marine x2  
  113  15:42  Infested Bunker  
  113  15:46  Overlord x3  
  113  15:47  Aggressive Incubation  
  112  15:58  Infested Marine x3  
  112  15:59  Infested Marine x18  
  132  16:00  Infested Marine x11  
  132  16:01  Infested Marine  
  132  16:03  Overlord  
  132  16:04  Overlord x2  
  130  16:48  Infested Marine  
  129  16:53  Infested Marine x11  
  129  16:54  Infested Marine x16  
  129  16:55  Infested Marine x8  
  129  16:58  Overlord  
  135  17:26  Infested Marine x6  
  135  17:27  Infested Marine x12  
  153  17:42  Infested Marine  
  153  17:43  Infested Marine x12  
  137  18:02  Infested Marine x8  
  137  18:03  Infested Marine x6  
  151  18:13  Infested Marine  
  151  18:16  Infested Marine  
  151  18:17  Infested Marine x7  
  151  18:18  Infested Marine  
  160  18:28  Infested Marine  
  157  18:54  Infested Marine x8  
  157  18:55  Infested Marine x16  
  157  18:56  Infested Marine  
  148  19:09  Infested Marine  
  149  19:10  Infested Marine x9  
  130  19:57  Infested Marine x8  
  130  19:58  Infested Marine  
  130  19:59  Overlord  
  115  20:48  Infested Marine  
  115  20:49  Infested Marine x13  
  129  20:50  Infested Marine x17  
  129  20:51  Infested Marine x17  
  129  20:52  Infested Marine x8  
  136  21:11  Infested Marine  
  136  21:12  Infested Marine x13  
  136  21:15  Infested Marine x2  
  136  21:16  Infested Marine  
  148  21:36  Infested Marine  
  148  21:37  Infested Marine x13  
  133  22:10  Infested Marine x5  
  133  22:11  Infested Marine x16  
  133  22:12  Infested Marine x3  
  150  22:32  Infested Marine x9  
  150  22:33  Infested Marine x5  
  136  22:52  Infested Marine x11  
  136  22:53  Infested Marine x3  
  136  22:54  Infested Marine  
  148  23:09  Infested Marine x4  
  139  23:10  Infested Marine x7  
  141  23:23  Infested Marine x8  
  141  23:24  Infested Marine  
  137  23:41  Infested Marine x2  
  137  23:42  Infested Marine x10  
  137  23:43  Infested Marine  
  137  23:44  Infested Marine  
  137  23:49  Infested Marine x3  
  153  23:50  Infested Marine  
  133  24:11  Infested Marine x10  
  133  24:12  Infested Marine x4  
  133  24:13  Infested Marine  
  147  24:27  Infested Marine x7  
  147  24:28  Infested Marine x3  
  147  24:29  Infested Marine  
  151  24:30  Infested Marine  
  151  24:33  Infested Marine x2  
  140  24:52  Infested Marine  
  140  24:53  Infested Marine x13  
Tags
 
Add a new tag
Caveats
  • Supply blocks, unpowered buildings, or Contaminate may cause inaccurate times.
  • Supply counts are checked every 10 seconds.